 Dungeon Crawl Stone Soup version 0.27.1-34-g3ba077fa99 (webtiles) character file.

Game seed: 14242334864816573213

771 ticklebelly the Skirmisher (level 7, -2/64 HPs)
             Began as a Minotaur Berserker on Jan 8, 2022.
             Was an Elder of Trog.
             Slain by an orc (8 damage)
             ... on level 5 of the Dungeon.
             The game lasted 00:09:49 (3851 turns).

ticklebelly the Skirmisher (Minotaur Berserker)     Turns: 3851, Time: 00:09:50

Health: -2/64      AC: 14    Str: 24    XL:     7   Next: 53%
Magic:  6/6        EV:  8    Int:  7    God:    Trog [****..]
Gold:   177        SH:  5    Dex:  9    Spells: 6/6 levels left

rFire    . . .     SeeInvis +   r - +11 mace "Keal" {vorpal, Will+ Int+3 Stlth+}
rCold    . . .     Faith    .   (no shield)
rNeg     + . .     Spirit   .   b - +2 chain mail {rPois}
rPois    +         Reflect  +   (helmet restricted)
rElec    .         Harm     .   v - +1 cloak {rPois}
rCorr    .         Rampage  .   (no gloves)
Will     +....                  (no boots)
Stlth    ..........             e - amulet of reflection
HPRegen  0.20/turn              g - ring of positive energy
MPRegen  0.10/turn              n - ring of see invisible

@: on berserk cooldown, slowed, very slow
A: horns 2, retaliatory headbutt
a: Renounce Religion, Berserk, Trog's Hand, Brothers in Arms


You were on level 5 of the Dungeon.
You worshipped Trog.
Trog was greatly pleased with you.
You visited 1 branch of the dungeon, and saw 5 of its levels.

You collected 177 gold pieces.

Inventory:

Hand Weapons
 p - a +2 vorpal war axe
 r - the +11 mace "Keal" (weapon) {vorpal, Will+ Int+3 Stlth+}
   (You found it on level 4 of the Dungeon)

   It inflicts extra damage upon your enemies.
   Int:       It affects your intelligence (+3).
   Will:      It increases your willpower.
   Stlth:     It makes you more stealthy.
Armour
 b - a +2 chain mail of poison resistance (worn)
 v - a +1 cloak of poison resistance (worn)
Jewellery
 e - an amulet of reflection (around neck)
 g - a ring of positive energy (left hand)
 n - a ring of see invisible (right hand)
Wands
 l - a wand of iceblast (2)
 o - a wand of mindburst (17)
Scrolls
 c - a scroll of magic mapping {unknown}
 d - 3 scrolls of immolation {unknown}
 h - a scroll of teleportation {unknown}
 j - a scroll of fear {unknown}
 k - 2 scrolls of identify {unknown}
 q - a scroll of brand weapon {unknown}
Potions
 a - 2 potions of degeneration {unknown}
 f - a potion of flight {unknown}
 i - a potion of brilliance {unknown}
 m - a potion of haste {unknown}
 s - a potion of resistance {unknown}
 t - a potion of ambrosia {unknown}
 u - a potion of invisibility {unknown}


   Skills:
 + Level 6.9 Fighting
 + Level 6.8 Axes
 + Level 6.2 Armour
 - Level 2.1 Dodging


You had 6 spell levels left.
You didn't know any spells.
Your spell library was empty.

Dungeon Overview and Level Annotations

Branches:
Dungeon (5/15)
 Temple: D:4-7

Altars:
Hepliaklqana
Qazlal
Ru


Innate Abilities, Weirdness & Mutations

You have a pair of horns on your head.
You reflexively headbutt those who attack you in melee.


Message History

Beogh smites you!
* * * LOW HITPOINT WARNING * * *
The orc hits you with a +0 hand axe.
* * * LOW HITPOINT WARNING * * *
You sock the orc priest!
You kill the orc priest!
Trog accepts your kill. The orc hits you but does no damage. x2
You bludgeon the orc!!
You kill the orc!
Trog accepts your kill.
The orc priest miscasts a cantrip.
The orc completely misses you. You furiously retaliate!
You headbutt the orc!!
You kill the orc!
Trog accepts your kill. You block the orc's attack. The orc barely misses you.
You barely miss the orc.
The orc is almost dead.
The orc hits you but does no damage. You block the orc's attack.
The orc hits you but does no damage.
You sock the orc!
You kill the orc!
Trog accepts your kill.
You are no longer berserk.
You are exhausted.
You feel yourself slow down. The orc hits you but does no damage.
The orc priest hits you but does no damage.
The orc hits you but does no damage.
You sock the orc priest!
The orc priest is severely wounded.
The orc hits you but does no damage. The orc barely misses you.
The orc priest hits you but does no damage.
The orc hits you but does no damage. The orc barely misses you.
You block the orc's attack.
The orc priest hits you but does no damage.
You sock the orc priest!
You kill the orc priest!
Trog accepts your kill. The orc hits you with a +0 flail!
You die...

. .. .... #.#. .<.
.#.### ..## ....###
.. ....#.....###).
.. .. .........
#.##. #....####
..#...o###.<(....#
......)@##.....#...
.###..o)o!.#...##..
....[......##.....
..###...##†.##..##
. ##..##.....##
#...#))..##
##...#....#
#.#..)#......
#.###......##


You could see 3 orcs.

Vanquished Creatures
  An ogre (D:5)
  Blork the orc (D:4)
  A scorpion (D:5)
  2 hounds
  4 orc priests (D:5)
  Crazy Yiuf (D:4)
  Ijyb (D:4)
  Jessica (D:3)
  Natasha (thrice) (D:4)
  An iguana (D:4)
  An orc wizard (D:3)
  A hound skeleton (D:4)
  3 gnolls (D:3)
  4 adders
  An ufetubus (D:5)
  2 dart slugs
  13 orcs
  8 ball pythons
  9 endoplasms
  5 giant cockroaches
  6 goblins
  6 hobgoblins
  7 jackals
  11 kobolds
  2 quokkas
  7 bats
  3 frilled lizards
  7 rats
  A spectral hobgoblin (D:4)
113 creatures vanquished.

Notes
Turn   | Place    | Note
-------+----------+-------------------------------------------
     0 | D:1      | ticklebelly the Minotaur Berserker began the quest for the
                  | Orb.
     0 | D:1      | Reached XP level 1. HP: 19/19 MP: 0/0
   116 | D:1      | Reached XP level 2. HP: 16/27 MP: 1/1
   492 | D:1      | Reached ** piety under Trog
   614 | D:1      | Reached XP level 3. HP: 33/33 MP: 2/2
   624 | D:1      | Found a faded altar of an unknown god.
  1639 | D:3      | Noticed Jessica
  1645 | D:3      | Killed Jessica
  1646 | D:3      | Reached XP level 4. HP: 18/41 MP: 3/3
  2030 | D:3      | Reached *** piety under Trog
  2031 | D:3      | Reached skill level 5 in Fighting
  2031 | D:3      | Reached skill level 5 in Axes
  2031 | D:3      | Reached XP level 5. HP: 43/48 MP: 4/4
  2774 | D:4      | Found a sacrificial altar of Ru.
  2775 | D:4      | Noticed Natasha
  2782 | D:4      | Killed Natasha
  2806 | D:4      | Noticed Blork the orc
  2821 | D:4      | Killed Blork the orc
  2822 | D:4      | Reached skill level 5 in Armour
  2822 | D:4      | Reached XP level 6. HP: 12/57 MP: 5/5
  3096 | D:4      | Noticed Ijyb
  3110 | D:4      | Killed Ijyb
  3124 | D:4      | Identified the +5 mace "Egeteqen" {protect, rF+ Str+4}
  3128 | D:4      | Identified the +11 mace "Keal" {vorpal, Will+ Int+3 Stlth+}
  3135 | D:4      | Found a runed translucent door.
  3136 | D:4      | Noticed Crazy Yiuf
  3144 | D:4      | Killed Crazy Yiuf
  3169 | D:4      | Noticed Natasha
  3174 | D:4      | Killed Natasha
  3234 | D:4      | Found a stormy altar of Qazlal.
  3499 | D:4      | Found a hazy altar of Hepliaklqana.
  3558 | D:4      | Noticed Natasha
  3563 | D:4      | Killed Natasha
  3805 | D:5      | Entered Level 5 of the Dungeon
  3812 | D:5      | Reached XP level 7. HP: 63/63 MP: 6/6
  3818 | D:5      | Reached **** piety under Trog
  3851 | D:5      | Slain by an orc

Illustrated notes

Levels and vault maps discovered:
D:1:      dpeg_arrival_pond, layout_basic, ebering_ecumenical_altar_box
D:2:      layout_basic
D:3:      layout_basic, uniq_jessica
D:4:      layout_cave_pools, overflow_temple_1_default,
          nicolae_hepliaklqana_monster_ancestors, grunt_qazlal_sundering,
          uniq_blork_the_orc, uniq_crazy_yiuf_cottage, uniq_ijyb, uniq_natasha
D:5:      layout_rooms, yredelemnul_altar_generic, minmay_statues_item

Skill      XL: |  1  2  3  4  5  6  7 |
---------------+----------------------+-----
Fighting       | 4 5 6 |  6.9
Axes           | 4 5 6 |  6.8
Armour         | 3 4 5 6 |  6.2
Dodging        | |  2.1

Action                   |  1- 3 |  4- 6 |  7- 9 || total
-------------------------+-------+-------+-------++-------
Melee: Hand axe          |    81 |    80 |       ||   161
       Headbutt          |     8 |    14 |       ||    22
       Mace              |       |    29 |    27 ||    56
       War axe           |       |    11 |       ||    11
Invok: Berserk           |     1 |     2 |     1 ||     4
 Stab: Sleeping          |     1 |       |       ||     1
Armor: Animal skin       |    22 |       |       ||    22
       Chain mail        |       |    32 |    39 ||    71
       Leather armour    |       |     4 |       ||     4
Dodge: Dodged            |    58 |    51 |    19 ||   128
Block: Other             |       |    27 |    14 ||    41
